 Dungeon Crawl Stone Soup version 0.31.0-9-g3a7656b989 (webtiles) character file.

Game seed: 13306759387319465388

57 qw the Shooter (level 3, 0/29 HPs)
             Began as a Demigod Hunter on Feb 2, 2024.
             Slain by an orc
             ... wielding a +0 falchion
              (1 damage)
             ... on level 2 of the Dungeon.
             The game lasted 00:00:06 (1688 turns).

qw the Shooter (Demigod Hunter)                     Turns: 1688, Time: 00:00:07

Health: 0/29       AC:  5    Str:  9 (12) XL:     3   Next: 50%
Magic:  5/5        EV: 10    Int:  9 (11) God:
Gold:   164        SH:  0    Dex: 19 (21) Spells: 2/2 levels left

rFire   . . .        a - +1 shortbow
rCold   . . .        (shield currently unavailable)
rNeg    . . .        j - +0 ring mail
rPois   .            (no helmet)
rElec   .            (no cloak)
rCorr   .            (no gloves)
SInv    .            (no boots)
Will    .....        (no amulet)
Stlth   +            (no ring)
HPRegen 0.24/turn    (no ring)
MPRegen 0.09/turn

%: no passive effects
@: about to teleport
A: high MP 1, forlorn, divine attributes
a: no special abilities


You were on level 2 of the Dungeon.
You visited 1 branch of the dungeon, and saw 3 of its levels.

You collected 164 gold pieces.


Innate Abilities, Weirdness & Mutations

You have an increased reservoir of magic. (+10% MP)
You shall have no god before yourself.
Your divine heritage dramatically boosts your attributes as you level up.


   Skills:
 - Level 2.0 Fighting
 + Level 4.9 Ranged Weapons
 - Level 1.7 Dodging
 - Level 0.8 Stealth


You had 2 spell levels left.
You didn't know any spells.
Your spell library was empty.

Inventory:

Hand Weapons
 a - a +1 shortbow (weapon)
Armour
 j - a +0 ring mail (worn)
Jewellery
 e - a ring of fire
Potions
 b - a potion of cancellation
 f - a potion of enlightenment
 i - a potion of heal wounds {unknown}
 k - a potion of might {unknown}
 l - a potion of ambrosia {unknown}
 n - a potion of mutation {unknown}

Dungeon Overview and Level Annotations

Branches:
Dungeon (3/15)

Shops:
D:1 [


Message History

The orc hits you with a +0 falchion. The ball python closely misses you.
The ball python constricts you.
You shoot an arrow. The arrow hits the ball python.
The ball python is severely wounded.
The orc hits you but does no damage.
The ball python bites you but does no damage.
The ball python constricts you. The orc hits you with a +0 falchion.
The dart slug launches a dart at you. The slug dart hits you.
The orc hits you but does no damage. x2
The ball python bites you but does no damage.
The ball python constricts you.
You shoot an arrow. The arrow hits the ball python.
You kill the ball python!
The orc barely misses you. The orc hits you but does no damage.
1681 ||| STAIRDANCE The orc barely misses you.
The orc completely misses you. The orc hits you but does no damage.
You climb upwards.
There is a stone staircase leading down here.
You shoot an arrow. The arrow closely misses the orc.
The orc hits you with a +0 dagger. The orc hits you with a +0 club.
The orc hits you with a +0 falchion.
You shoot an arrow. The arrow hits the orc!
You kill the orc!
The orc hits you but does no damage. x2; The orc closely misses you.
The orc barely misses you.
You shoot an arrow. The arrow hits the orc.
The orc is almost dead.
The orc hits you with a +0 club. The orc hits you with a +0 falchion.
1686 ||| READING scroll of teleportation.
As you read the scroll of teleportation, it crumbles to dust.
You feel strangely unstable. The orc closely misses you.
The orc hits you with a +0 falchion.
You shoot an arrow. The arrow hits the orc.
You kill the orc!
The orc barely misses you.
You shoot an arrow. The arrow hits the orc.
The orc is heavily wounded.
The orc hits you with a +0 falchion.
You die...

#.####.##..............#
#....... ..#
#.................#
#.......
.######.......#........#
#.......
####....#####..#..######
#....... ###..####
##....#...## ########
....## ##......<...##
##### #............# #
#...o......<.# #
#....@)......# #
##...)......##
##...##...## ##########


You could see an orc.

Vanquished Creatures
  An adder (D:2)
  3 ribbon worms (D:2)
  2 orcs (D:2)
  4 ball pythons
  3 endoplasms (D:1)
  2 giant cockroaches
  3 goblins
  4 hobgoblins
  A quokka (D:1)
  A bat (D:1)
  8 frilled lizards (D:1)
  2 kobolds (D:1)
  5 rats
39 creatures vanquished.

Notes
Turn   | Place    | Note
-------+----------+-------------------------------------------
     0 | D:1      | qw the Demigod Hunter began the quest for the Orb.
     0 | D:1      | Reached XP level 1. HP: 17/17 MP: 3/3
     0 | D:1      | 0 ||| qw: Version: 0.3-a-155-g5e7d8dd
     0 | D:1      | 0 ||| qw: Game counter: 140
     0 | D:1      | 0 ||| qw: Melee chars always use a shield: true
     0 | D:1      | 0 ||| qw: God list: Okawaru
     0 | D:1      | 0 ||| qw: Allow faded altars: false
     0 | D:1      | 0 ||| qw: Do Orc after clearing Dungeon:15 true
     0 | D:1      | 0 ||| qw: Do second Lair branch before Depths: true
     0 | D:1      | 0 ||| qw: Lair rune preference: random
     0 | D:1      | 0 ||| qw: Goals: Normal
     0 | D:1      | 0 ||| PLANNING D:1-11
    43 | D:1      | Found Fuisyroch's Armour Shop.
    48 | D:1      | 48 ||| SHOPLISTING +0 pair of boots (49 gold, have 0).
    48 | D:1      | 48 ||| SHOPLISTING +0 ring mail (44 gold, have 0).
    48 | D:1      | 48 ||| SHOPLISTING +2 helmet (181 gold, have 0).
    48 | D:1      | 48 ||| SHOPLISTING +3 ring mail of cold resistance (286
                  | gold, have 0).
    48 | D:1      | 48 ||| SHOPLISTING +5 steam dragon scales "Wegirro" {Str+3}
                  | (861 gold, have 0).
   100 | D:1      | Reached skill level 4 in Ranged Weapons
   327 | D:1      | Reached XP level 2. HP: 24/24 MP: 4/4
   927 | D:1      | 927 ||| UPGRADING to +0 ring mail.
   937 | D:1      | 937 ||| DROPPING +0 leather armour.
   938 | D:1      | 938 ||| READING scroll labelled BABLEA HUOKKI.
   939 | D:1      | 939 ||| READING scroll labelled IZO WUVEUXZIT.
   943 | D:1      | 943 ||| READING scroll labelled JEOVYUTEEV.
   944 | D:1      | 944 ||| READING scroll labelled LIOCAO LYCKUUREAL.
   944 | D:1      | 944 ||| ENCHANTING +0 shortbow.
   945 | D:1      | 945 ||| READING scroll labelled EXIAGH USMUGIHER.
   946 | D:1      | 946 ||| DROPPING scroll of butterflies.
  1055 | D:2      | Reached XP level 3. HP: 29/29 MP: 5/5
  1466 | D:2      | 1466 ||| READING scroll labelled TOSULU MYR.
  1567 | D:2      | 1567 ||| READING scroll labelled QIPHORRAXU TICE.
  1568 | D:2      | 1568 ||| READING scroll labelled LUT UGITON.
  1568 | D:2      | 1568 ||| IDENTIFYING fizzy yellow potion
  1569 | D:2      | 1569 ||| DRINKING 2 grey potions.
  1570 | D:2      | 1570 ||| DRINKING 2 emerald potions.
  1571 | D:2      | 1571 ||| DRINKING 2 sedimented pink potions.
  1572 | D:2      | 1572 ||| DROPPING potion of invisibility.
  1573 | D:2      | 1573 ||| DROPPING potion of degeneration.
  1575 | D:2      | 1575 ||| Stepping ~*~*~tactically~*~*~ (cloud).
  1674 | D:3      | 1674 ||| STAIRDANCE
  1681 | D:3      | 1681 ||| STAIRDANCE
  1685 | D:2      | HP: 4/29 [orc/+0 falchion (6)]
  1686 | D:2      | 1686 ||| READING scroll of teleportation.
  1686 | D:2      | HP: 1/29 [orc/+0 falchion (4)]
  1688 | D:2      | Slain by an orc

Levels and vault maps discovered:
D:1:      dpeg_arrival_connections, layout_basic,
          dreamdust_ecumenical_altar_grove, serial_shops, shop,
          minmay_lizard_king
D:2:      layout_rooms
D:3:      layout_basic, chequers_decorated_corner, uniq_ijyb

Skill      XL: |  1 |
---------------+----+-----
Ranged Weapons | 4 |  4.9
Fighting       | 2 |  2.0
Dodging        | |  1.7
Stealth        | |  0.8

Action                     || total
---------------------------++-------
   Fire: Shortbow          ||   116
    Use: Scroll            ||     9
         Potion            ||     3
 Armour: Leather armour    ||     6
         Ring mail         ||    32
  Dodge: Dodged            ||    18

Table legend:
 A = Non-vault XP
 B = Vault XP
 C = Vault XP percentage of total XP
 D = Non-vault monster count
 E = Vault monster count
 F = Vault count percentage of total count
                 A         B        C        D         E       F
            +---------+---------+-------+---------+---------+-------
      Total |      74 |       8 |   9.8 |      31 |       8 |  20.5
            +---------+---------+-------+---------+---------+-------
        D:1 |      23 |       8 |  25.8 |      13 |       8 |  38.1
        D:2 |      49 |       0 |   0.0 |      17 |       0 |   0.0
        D:3 |       2 |       0 |   0.0 |       1 |       0 |   0.0
            +---------+---------+-------+---------+---------+-------
